 Dungeon Crawl Stone Soup version 0.30.0-5-g1a98f26d00 (webtiles) character file.

Game seed: 15383708021589914319

210530 croobank the Scholar (level 18, -23/143 HPs)
             Began as a Gnoll Fire Elementalist on May 12, 2023.
             Was an Elder of Sif Muna.
             Annihilated by a quicksilver ooze (30 damage)
             ... in an ice cave.
             The game lasted 04:22:57 (49764 turns).

croobank the Scholar (Gnoll Fire Elementalist)     Turns: 49764, Time: 04:22:58

Health: -23/143    AC: 24    Str:  7    XL:     18   Next: 86%
Magic:  0/44       EV: 18    Int: 20    God:    Sif Muna [****..]
Gold:   1341       SH:  0    Dex: 21    Spells: 5/44 levels left

rFire   + . .        a - +7 scimitar (flame)
rCold   + . .        r - orb of Wasott {mayhem, +Inv Regen+ MP+9}
rNeg    . . .        P - +4 ring mail {rF+}
rPois   .            K - +2 helmet
rElec   .            d - +2 cloak
rCorr   +            n - +0 pair of fencer's gloves {Riposte Dex+3}
SInv    .            u - +2 pair of boots of the Weaver {rC+ Will+ Dex+2}
Will    ++...        G - amulet of regeneration
Stlth   +++++        H - ring of flight
HPRegen 2.03/turn    i - ring of resist corrosion
MPRegen 0.29/turn

%: random rage (3%), mayhem
@: engulfed (cannot breathe), flying
A: fangs 1, strong nose, distributed training, berserk 1, mutation resistance 1
}: 1/15 runes: gossamer
a: Renounce Religion, Evoke Invisibility, Channel Magic, Forget Spell, Divine
Exegesis


You were in an ice cave.
You worshipped Sif Muna.
Sif Muna was greatly pleased with you.
You visited 7 branches of the dungeon, and saw 30 of its levels.
You also visited: Bailey, Ice Cave and Volcano.

You collected 2569 gold pieces.
You spent 1228 gold pieces at shops.

Inventory:

Hand Weapons
 a - a +7 scimitar of flaming (weapon)
 k - the +7 war axe "Bujymext" {freeze, Contam +Blink rElec Stlth+}
   (You found it on level 5 of the Lair of Beasts)

   rElec:     It insulates you from electricity.
   +Blink:    It lets you blink.
   Contam:    It causes magical contamination when unequipped.
   Stlth:     It makes you more stealthy.
Missiles
 A - 4 silver javelins
 M - 3 throwing nets
Armour
 d - a +2 cloak (worn)
 n - the +0 pair of fencer's gloves (worn) {Riposte Dex+3}
   (You bought it in a shop on level 8 of the Dungeon)

   Riposte:   It allows the wearer to riposte with melee weapons, swiftly
   retaliating against missed or blocked melee attacks.
   Dex:       It affects your dexterity (+3).
 r - the orb of Wasott (worn) {mayhem, +Inv Regen+ MP+9}
   (You found it on level 4 of the Spider Nest)

   MP:        It affects your magic capacity (+9).
   +Inv:      It lets you turn invisible.
   Regen:     It increases your rate of health regeneration.
 u - the +2 pair of boots of the Weaver (worn) {rC+ Will+ Dex+2}
   (You found it on level 4 of the Spider Nest)

   Dex:       It affects your dexterity (+2).
   rC:        It protects you from cold.
   Will:      It increases your willpower.
 K - a +2 helmet (worn)
 P - a +4 ring mail of fire resistance (worn)
Magical Staves
 c - the staff of fire "Ilynej Mywi" {rPois rF+ rC+ rCorr}
   (You acquired it on level 2 of the Lair of Beasts)

   [staff of fire]

   Base accuracy: +5 Base damage: 5 Base attack delay: 1.2 This weapon's minimum
   attack delay (0.6) is reached at skill level 12.
   rF:        It protects you from fire.
   rC:        It protects you from cold.
   rPois:     It protects you from poison.
   rCorr:     It protects you from acid and corrosion.
   It falls into the 'Staves' category.
   It is a one-handed weapon.
Jewellery
 f - a +5 ring of evasion
 h - a ring of positive energy
 i - a ring of resist corrosion (right hand)
 m - a ring of protection from cold
 x - an amulet of magic regeneration
 y - a ring of see invisible
 z - a ring of protection from fire
 D - a +6 ring of intelligence
 G - an amulet of regeneration (around neck)
 H - a ring of flight (left hand)
 O - a +6 ring of strength
 T - a ring of poison resistance
 V - a ring of ice
Wands
 j - a wand of charming (11)
 v - a wand of flame (51)
 B - a wand of mindburst (13)
 N - a wand of roots (4)
 Q - a wand of quicksilver (5)
 S - a wand of digging (17)
Scrolls
 o - a scroll of silence
 q - 11 scrolls of teleportation
 w - 4 scrolls of immolation
 C - a scroll of enchant armour
 J - 6 scrolls of vulnerability
 L - 2 scrolls of butterflies
 Y - 3 scrolls of magic mapping
Potions
 b - 2 potions of magic
 e - 18 potions of curing
 g - 7 potions of lignification
 l - 5 potions of resistance
 p - 4 potions of attraction
 s - 12 potions of mutation
 E - 2 potions of might
 F - 5 potions of brilliance
 I - 3 potions of invisibility
 R - 4 potions of ambrosia
 U - 13 potions of haste
 W - 3 potions of cancellation
 X - 8 potions of heal wounds
Miscellaneous
 Z - a phial of floods


   Skills:
 + Level 13.1 Fighting
 + Level 13.1 Short Blades
 + Level 13.1 Long Blades
 + Level 13.1 Axes
 + Level 13.1 Maces & Flails
 + Level 13.1 Polearms
 + Level 13.1 Staves
 + Level 13.1 Ranged Weapons
 + Level 13.1 Throwing
 + Level 13.1 Armour
 + Level 13.8 Dodging
 + Level 13.7 Stealth
 + Level 13.1 Shields
 + Level 13.1 Unarmed Combat
 + Level 13.9 Spellcasting
 + Level 11.3 Conjurations
 + Level 11.1 Hexes
 + Level 11.1 Summonings
 + Level 11.1 Necromancy
 + Level 11.1 Translocations
 + Level 11.1 Transmutations
 + Level 12.3 Fire Magic
 + Level 11.1 Ice Magic
 + Level 11.1 Air Magic
 + Level 11.1 Earth Magic
 + Level 11.1 Poison Magic
 + Level 14.2 Invocations
 + Level 13.1 Evocations


You had 5 spell levels left.
You knew the following spells:

 Your Spells              Type           Power      Damage    Failure   Level
a - Foxfire               Conj/Fire      100%       2x1d9     1%          1
b - Scorch                Fire           100%       2d9       1%          2
c - Inner Flame           Hex/Fire       57%        N/A       1%          3
d - Flame Wave            Conj/Fire      57%        2d14      1%          4
e - Summon Lightning Spi  Summ/Air       55%        N/A       1%          4
f - Blink                 Tloc           100%       N/A       1%          2
g - Summon Mana Viper     Hex/Summ       55%        N/A       3%          5
h - Dispel Undead         Necr           55%        3d20      1%          4
i - Airstrike             Air            27%        2d(4-20)  1%          4
j - Borgnjor's Vile Clut  Necr/Erth      27%        N/A       3%          5
k - Summon Forest         Summ/Tloc      27%        N/A       3%          5

Your spell library contained the following spells:

 Spells                   Type           Power      Damage    Failure   Level
 Apportation              Tloc           100%       N/A       1%          1
 Kiss of Death            Conj/Necr      100%       2d13      1%          1
 Necrotise                Necr           100%       1d9       1%          1
 Sandblast                Erth           100%       2d20      1%          1
 Summon Small Mammal      Summ           100%       N/A       1%          1
 Call Imp                 Summ           100%       N/A       1%          2
 Ensorcelled Hibernation  Hex/Ice        100%       N/A       1%          2
 Passwall                 Tmut/Erth      45%        N/A       1%          2
 Static Discharge         Conj/Air       100%       2-7/arc   1%          2
 Sublimation of Blood     Necr           55%        N/A       1%          2
 Call Canine Familiar     Summ           55%        N/A       1%          3
 Confusing Touch          Hex            55%        N/A       1%          3
 Dazzling Flash           Conj/Hex       100%       N/A       1%          3
 Ignite Poison            Fire/Tmut/Pois 56%        N/A       1%          3
 Ozocubu's Armour         Ice            55%        N/A       1%          3
 Portal Projectile        Hex/Tloc       100%       N/A       1%          3
 Stone Arrow              Conj/Erth      100%       3d13      1%          3
 Summon Guardian Golem    Hex/Summ       55%        N/A       1%          3
 Teleport Other           Tloc           55%        N/A       1%          3
 Vampiric Draining        Necr           55%        2d9       1%          3
 Volatile Blastmotes      Fire/Tloc      100%       2d18      1%          3
 Ice Form                 Ice/Tmut       55%        N/A       1%          4
 Iskenderun's Mystic Bla  Conj/Tloc      56%        2d12      1%          4
 Leda's Liquefaction      Hex/Erth       27%        N/A       1%          4
 Manifold Assault         Tloc           55%        N/A       1%          4
 Petrify                  Tmut/Erth      55%        N/A       1%          4
 Sticky Flame             Conj/Fire      57%        2d7       1%          4
 Agony                    Necr           55%        N/A       3%          5
 Alistair's Intoxication  Tmut/Pois      36%        N/A       3%          5
 Blade Hands              Tmut           27%        N/A       3%          5
 Iskenderun's Battlesphe  Conj           56%        2d11      3%          5
 Lee's Rapid Deconstruct  Erth           27%        3d15*     3%          5
 Silence                  Hex/Air        27%        N/A       3%          5
 Conjure Ball Lightning   Conj/Air       28%        3x3d8     17%         6
 Iron Shot                Conj/Erth      28%        9d6       17%         6
 Death Channel            Necr           27%        N/A       19%         6
 Dispersal                Tloc           27%        N/A       19%         6
 Eringya's Noxious Bog    Tmut/Pois      27%        N/A       19%         6
 Simulacrum               Ice/Necr       27%        N/A       19%         6
 Statue Form              Tmut/Erth      36%        N/A       19%         6
 Summon Cactus Giant      Summ           27%        N/A       19%         6
 Spellforged Servitor     Conj/Summ      28%        N/A       67%         7
 Haunt                    Necr/Summ      27%        N/A       69%         7
 Storm Form               Tmut/Air       27%        N/A       69%         7
 Summon Hydra             Summ           27%        N/A       69%         7
 Ignition                 Fire           29%        3d9       99%         8
 Borgnjor's Revivificati  Necr           27%        N/A       100%        8
 Discord                  Hex            27%        N/A       100%        8
 Disjunction              Tloc           27%        N/A       100%        8
 Lehudib's Crystal Spear  Conj/Erth      28%        10d7      100%        8
 Necromutation            Tmut/Necr      27%        N/A       100%        8
 Death's Door             Necr           27%        N/A       100%        9
 Polar Vortex             Ice            27%        N/A       100%        9


Dungeon Overview and Level Annotations

Branches:
Dungeon (15/15)            Temple (1/1) D:7            Lair (5/5) D:8
 Shoals (2/4) Lair:3       Spider (4/4) Lair:3        Slime (0/5) Lair:5
    Orc (2/2) D:10            Elf (1/3) Orc:2        Vaults (0/5) D:14
 Depths (0/4) D:15         Bailey (visited)           IceCv (1/1)
Volcano (visited)

Altars:
Ashenzari
Cheibriados
Dithmenos
Elyvilon
Fedhas
Gozag
Hepliaklqana
Kikubaaqudgha
Makhleb
Nemelex Xobeh
Okawaru
Qazlal
Ru
Sif Muna
Trog
Uskayaw
Vehumet
Wu Jian
Xom
Yredelemnul
Zin
The Shining One
Jiyva
Lugonu

Shops:
D:6 [   D:8 *   D:12 (   Orc:1 :   Orc:2 ([*:   Shoals:1 (

Portals:
Abyss: Lair:5

Annotations:
Spider:4 1 runed translucent door, shadowrider38's ghost, adept HOAE


Innate Abilities, Weirdness & Mutations

You have very sharp teeth.
Your uncanny sense of smell can sniff out nearby items.
Your experience applies equally to all skills.
You sometimes lose your temper in combat.
You are somewhat resistant to further mutation.


Message History

You burn the quicksilver ooze.
You kill the quicksilver ooze!
Sif Muna accepts your kill.
The quicksilver ooze flies into a frenzy!
You slip free of the ooze engulfing you.
You gasp with relief as air once again reaches your lungs.
The quicksilver ooze barely misses you.
The quicksilver ooze hits you but does no damage.
The quicksilver ooze hits you. The quicksilver ooze engulfs you!
The quicksilver ooze hits you.
You feel your power leaking away. Magic courses through your body.
Your lungs strain for air!
The quicksilver ooze hits you! The quicksilver ooze hits you.
You feel your power leaking away. The quicksilver ooze hits you.
The quicksilver ooze hits you!
You feel your power leaking away.
You cannot cast spells while unable to breathe!
The quicksilver ooze attacks as you move away!
The quicksilver ooze hits you!
* * * LOW HITPOINT WARNING * * *
The quicksilver ooze barely misses you.
You slip free of the ooze engulfing you.
You gasp with relief as air once again reaches your lungs.
The quicksilver ooze hits you.
* * * LOW HITPOINT WARNING * * *
The quicksilver ooze engulfs you! The quicksilver ooze hits you.
* * * LOW HITPOINT WARNING * * *
You feel your power leaking away.
You cannot cast spells while unable to breathe!
You cannot read scrolls while unable to breathe!
Unknown command.
You slip free of the ooze engulfing you.
You gasp with relief as air once again reaches your lungs.
The quicksilver ooze hits you!
* * * LOW HITPOINT WARNING * * *
The quicksilver ooze engulfs you!
The quicksilver ooze hits you but does no damage.
The quicksilver ooze hits you!!
You die...

∆∆ ## ## ##.#######..
###.##........
###.............
###.......#####.##
#@J.....### ##.##
########....### #....
##.....##.....# ###....
#........###....###§J...#
#.....#............J..###
#.....##....####....###?.
##.....##....# ######..[?
##.....###.... #.....#
####....####.. ....####


You could see a neutral quicksilver ooze (fast, strong, insane).

Vanquished Creatures
  Nikola (Shoals:2)
  Mlioglotl (Spider:2)
  Agnes (Spider:3)
  A rockslime (IceCv)
  7 emperor scorpions
  2 ghost moths (Spider:4)
  An orc warlord (Orc:2)
  5 broodmothers
  3 quicksilver oozes (IceCv)
  Azrael (Spider:2)
  2 spark wasps (Spider:2)
  Snorg (Orc:1)
  Josephine (Lair:3)
  A merfolk impaler (Shoals:1)
  3 entropy weavers
  A great orb of eyes (D:14)
  Harold (D:9)
  An ogre mage (D:14)
  An anaconda (shapeshifter) (D:15)
  A two-headed ogre (D:9)
  2 jorogumos
  6 centaur warriors
  A dancing weapon (Orc:2)
  3 death yaks (Lair:5)
  A radroach (Spider:4)
  2 death knights
  2 death scarabs (Spider:2)
  3 orc high priests (Orc:2)
  3 thrashing horrors (Lair:5)
  Sonja (D:12)
  A sun moth (Spider:2)
  A skyshark (Lair:5)
  7 pharaoh ants
  8 skeletal warriors
  2 sea snakes (Shoals:1)
  A glowing orange brain (D:15)
  A spriggan simulacrum (Shoals:2)
  4 steelbarb worms
  8 orb spiders
  A wolf spider zombie (D:14)
  6 deep elf pyromancers
  5 deep elf zephyrmancers (Elf:1)
  6 harpies (Shoals:1)
  17 wolf spiders
  5 orc knights
  2 fauns (Shoals:1)
  2 orc sorcerers (Orc:2)
  6 cyclopes
  19 ugly things
  6 centaur zombies (D:14)
  7 manticores
  3 moths of wrath
  A water nymph (Shoals:1)
  3 black mambas (Lair:4)
  3 gargoyles
  A merfolk siren (Shoals:1)
  4 demonic crawlers
  4 elephants (Lair:5)
  3 torpor snails
  An orange demon (Lair:3)
  5 cane toads
  Maggie (D:6)
  2 yaktaurs (D:14)
  An unseen horror (D:11)
  3 nameless horrors
  2 efreet
  2 kobold demonologists
  10 komodo dragons
  2 rime drakes
  2 ancient zymes (Lair:5)
  3 wind drakes
  5 trolls
  A hornet (D:7)
  9 merfolk
  Grinder (D:3)
  17 tarantellas
  A tarantella (shapeshifter) (Lair:5)
  A meliai zombie (D:14)
  23 blink frogs
  4 snapping turtles
  17 slime creatures
  16 jumping spiders
  3 shadows (D:13)
  15 wraiths
  3 water elementals (Shoals:1)
  17 culicivoras
  3 wyverns
  Eustachio (D:5)
  3 ynoxinuls (Lair:5)
  A dire elephant simulacrum (Shoals:2)
  2 steam dragons
  35 yaks
  A vampire (D:13)
  2 fire bats (Orc:1)
  A large abomination (Lair:5)
  A minotaur simulacrum (Shoals:2)
  51 redbacks
  Grum (D:10)
  3 basilisks (Lair:5)
  8 vampire mosquitoes
  7 wargs
  Menkaure (D:4)
  An acid dragon (D:10)
  4 hell hounds
  14 water moccasins
  2 black bears
  2 hornet zombies (D:14)
  27 orc warriors
  2 great orb of eyes simulacra (IceCv)
  An ice beast (D:6)
  A sky beast (D:6)
  10 ogres
  An alligator simulacrum (Shoals:2)
  11 wolves
  10 centaurs
  A slime creature simulacrum (IceCv)
  7 small abominations (Lair:5)
  3 kobold brigands
  20 bullfrogs
  4 gnoll sergeants
  A glowing shapeshifter simulacrum (IceCv)
  A scorpion (D:7)
  7 wights
  13 killer bees
  6 howler monkeys
  3 electric eels
  6 hounds
  Crazy Yiuf (D:5)
  11 orc priests
  3 gnoll boudas
  2 jellies
  5 iguanas
  Natasha (thrice) (D:4)
  19 orc wizards
  30 gnolls
  7 adders
  3 shadow imps (D:3)
  A white imp (D:7)
  3 worms
  4 dart slugs
  82 orcs
  3 bats (D:2)
  4 endoplasms
  4 giant cockroaches
  9 goblins
  4 hobgoblins
  8 jackals
  3 quokkas
  3 ball pythons
  A frilled lizard (D:2)
  19 kobolds
  2 rats (D:3)
  A foxfire (IceCv)
878 creatures vanquished.

Vanquished Creatures (collateral kills)
  An azure jelly (IceCv)
  An emperor scorpion (Spider:4)
  A ghost moth (Spider:4)
  A quicksilver ooze (IceCv)
  A broodmother (Spider:2)
  An entropy weaver (Spider:1)
  A jorogumo (Spider:2)
  A hydra (D:15)
  2 centaur warriors (D:14)
  A boulder beetle (Spider:2)
  A merfolk avatar (Shoals:1)
  A two-headed ogre (D:12)
  A death knight (D:13)
  2 radroaches
  2 merfolk aquamancers (Shoals:1)
  A hell hog (Volcano)
  2 skysharks (Shoals:1)
  A fire crab (Volcano)
  Amaemon (Lair:3)
  Nergalle (Orc:1)
  2 pharaoh ants (Spider:3)
  7 orb spiders
  A spriggan simulacrum (Shoals:2)
  2 steelbarb worms
  A deep elf archer (Elf:1)
  An orange crystal statue (IceCv)
  3 orc knights
  A harpy (Shoals:1)
  4 wolf spiders
  A deep elf pyromancer (Elf:1)
  An orc sorcerer (Orc:1)
  6 ugly things
  2 fauns (Shoals:1)
  2 cyclopes
  2 centaur zombies (D:14)
  A black mamba (shapeshifter) (D:13)
  A moth of wrath (Spider:4)
  4 smoke demons (Lair:5)
  3 torpor snails
  2 demonic crawlers (Spider:1)
  A cane toad (Lair:5)
  2 tormentors (D:13)
  2 komodo dragons (Lair:3)
  A yaktaur (D:14)
  3 merfolk (Shoals:1)
  A wind drake (Shoals:1)
  A polar bear (Lair:3)
  A hornet (shapeshifter) (D:15)
  8 tarantellas
  7 culicivoras
  3 blink frogs
  7 slime creatures
  7 jumping spiders
  A water elemental (Shoals:1)
  A wyvern (Lair:2)
  The ghost of SeerSkye the Chopper, an amateur MiFi of Gozag (D:4)
  A nameless horror (Spider:2)
  3 fire bats
  A basilisk (Lair:5)
  7 yaks
  A wraith (D:13)
  18 redbacks
  5 vampire mosquitoes
  A warg (Orc:2)
  A water moccasin (Lair:4)
  An acid dragon (D:14)
  2 small abominations (Lair:5)
  A hell hound (Volcano)
  A great orb of eyes simulacrum (IceCv)
  2 orc warriors
  2 ogres
  3 centaurs
  A kobold brigand (D:14)
  3 deep troll simulacra (Shoals:2)
  A glowing shapeshifter simulacrum (IceCv)
  A howler monkey (D:13)
  2 lava snakes (D:13)
  A jelly (Lair:5)
  3 orc wizards
  7 orcs
  A kobold (D:14)
  25 foxfires
213 creatures vanquished.

Vanquished Creatures (others)
  A harpy (Shoals:1)
  A slime creature (IceCv)
  A jumping spider (Spider:3)
  A redback (Spider:2)
  A hell hound (Spider:2)
  A nameless horror (Spider:3)
  An orc priest (D:12)
  2097 foxfires
  A snaplasher vine (Spider:3)
2105 creatures vanquished.

Grand Total: 3196 creatures vanquished

Notes
Turn   | Place    | Note
-------+----------+-------------------------------------------
     0 | D:1      | croobank the Gnoll Fire Elementalist began the quest for
                  | the Orb.
     0 | D:1      | Reached XP level 1. HP: 13/13 MP: 6/6
    99 | D:1      | Reached XP level 2. HP: 16/20 MP: 3/7
  1042 | D:2      | Identified the +2 chain mail of Impish Amelioration {MP+9}
  1105 | D:2      | Reached skill level 5 in Spellcasting
  1105 | D:2      | Reached XP level 3. HP: 25/25 MP: 4/9
  1447 | D:2      | Reached skill level 1 in Invocations
  1729 | D:3      | Noticed Grinder
  1735 | D:2      | Learned a level 2 spell: Scorch
  1739 | D:2      | Learned a level 3 spell: Inner Flame
  1826 | D:3      | Reached skill level 1 in Fighting
  1826 | D:3      | Reached skill level 1 in Short Blades
  1826 | D:3      | Reached skill level 1 in Long Blades
  1826 | D:3      | Reached skill level 1 in Axes
  1826 | D:3      | Reached skill level 1 in Maces & Flails
  1826 | D:3      | Reached skill level 1 in Polearms
  1826 | D:3      | Reached skill level 1 in Staves
  1826 | D:3      | Reached skill level 1 in Ranged Weapons
  1826 | D:3      | Reached skill level 1 in Throwing
  1826 | D:3      | Reached skill level 1 in Armour
  1826 | D:3      | Reached skill level 1 in Shields
  1826 | D:3      | Reached skill level 1 in Unarmed Combat
  1826 | D:3      | Reached skill level 1 in Evocations
  1921 | D:3      | Reached XP level 4. HP: 32/32 MP: 7/11
  2054 | D:3      | Paralysed by Grinder for 5 turns
  2065 | D:3      | Killed Grinder
  2066 | D:3      | Reached skill level 5 in Dodging
  2066 | D:3      | Reached skill level 1 in Hexes
  2066 | D:3      | Reached skill level 1 in Summonings
  2066 | D:3      | Reached skill level 1 in Necromancy
  2066 | D:3      | Reached skill level 1 in Translocations
  2066 | D:3      | Reached skill level 1 in Transmutations
  2066 | D:3      | Reached skill level 1 in Ice Magic
  2066 | D:3      | Reached skill level 1 in Air Magic
  2066 | D:3      | Reached skill level 1 in Earth Magic
  2066 | D:3      | Reached skill level 1 in Poison Magic
  2066 | D:3      | Reached skill level 2 in Invocations
  2066 | D:3      | Reached XP level 5. HP: 30/38 MP: 0/12
  2066 | D:3      | Reached XP level 6. HP: 34/44 MP: 0/14
  2307 | D:3      | Found a hide-covered altar of Uskayaw.
  2318 | D:3      | Found a transporter.
  2323 | D:3      | Found a transporter.
  3434 | D:4      | Reached XP level 7. HP: 51/51 MP: 7/15
  3507 | D:4      | Noticed Natasha
  3510 | D:4      | Killed Natasha
  3695 | D:4      | Noticed Natasha
  3702 | D:4      | Killed Natasha
  3743 | D:4      | Found a runed translucent gate.
  3744 | D:4      | Found a runed translucent gate.
  3744 | D:4      | Found a runed translucent gate.
  3747 | D:4      | Noticed SeerSkye's ghost (amateur MiFi)
  4067 | D:4      | Reached skill level 5 in Stealth
  4159 | D:4      | Noticed Natasha
  4164 | D:4      | Killed Natasha
  4165 | D:4      | Reached skill level 3 in Invocations
  4465 | D:4      | Noticed Menkaure
  4475 | D:4      | Killed Menkaure
  4597 | D:5      | Entered Level 5 of the Dungeon
  4788 | D:5      | Reached XP level 8. HP: 58/58 MP: 9/16
  4984 | D:5      | Noticed Eustachio
  5003 | D:5      | Killed Eustachio
  5305 | D:5      | Found a runed translucent door.
  5306 | D:5      | Noticed Crazy Yiuf
  5371 | D:5      | Found a shadowy altar of Dithmenos.
  5729 | D:5      | Reached skill level 4 in Invocations
  6411 | D:6      | Reached XP level 9. HP: 32/65 MP: 0/18
  6725 | D:6      | Noticed Maggie
  6739 | D:6      | Killed Maggie
  7272 | D:6      | Reached skill level 5 in Invocations
  7491 | D:6      | Found a stormy altar of Qazlal.
  7812 | D:6      | Found Ebo Vegg's Armour Shop.
  8506 | D:7      | Reached skill level 5 in Fighting
  8506 | D:7      | Reached skill level 5 in Short Blades
  8506 | D:7      | Reached skill level 5 in Long Blades
  8506 | D:7      | Reached skill level 5 in Axes
  8506 | D:7      | Reached skill level 5 in Maces & Flails
  8506 | D:7      | Reached skill level 5 in Polearms
  8506 | D:7      | Reached skill level 5 in Staves
  8506 | D:7      | Reached skill level 5 in Ranged Weapons
  8506 | D:7      | Reached skill level 5 in Throwing
  8506 | D:7      | Reached skill level 5 in Armour
  8506 | D:7      | Reached skill level 5 in Shields
  8506 | D:7      | Reached skill level 5 in Unarmed Combat
  8506 | D:7      | Reached skill level 5 in Evocations
  8506 | D:7      | Reached XP level 10. HP: 71/74 MP: 13/20
  8647 | D:7      | Found a staircase to the Ecumenical Temple.
  8653 | Temple   | Entered the Ecumenical Temple
  8681 | Temple   | Became a worshipper of Sif Muna the Loreminder
  8858 | D:7      | Found a flagged portal.
  8868 | Bailey   | Entered a bailey
  8874 | Bailey   | Learned a level 4 spell: Flame Wave
  9196 | Bailey   | Noticed an orc knight
  9206 | Bailey   | Killed an orc knight
  9236 | Bailey   | Reached * piety under Sif Muna
  9412 | Bailey   | Noticed an orc knight
  9422 | Bailey   | Killed an orc knight
  9423 | Bailey   | Reached skill level 5 in Conjurations
  9423 | Bailey   | Reached skill level 6 in Invocations
  9576 | Bailey   | Noticed an orc knight
  9583 | Bailey   | Killed an orc knight
  9834 | Bailey   | Noticed an orc knight
  9840 | Bailey   | Killed an orc knight
 10543 | D:7      | Reached skill level 5 in Hexes
 10543 | D:7      | Reached skill level 5 in Summonings
 10543 | D:7      | Reached skill level 5 in Necromancy
 10543 | D:7      | Reached skill level 5 in Translocations
 10543 | D:7      | Reached skill level 5 in Transmutations
 10543 | D:7      | Reached skill level 5 in Ice Magic
 10543 | D:7      | Reached skill level 5 in Air Magic
 10543 | D:7      | Reached skill level 5 in Earth Magic
 10543 | D:7      | Reached skill level 5 in Poison Magic
 10799 | D:8      | Found a shimmering altar of Xom.
 10831 | D:8      | Found a staircase to the Lair.
 10842 | D:8      | Reached XP level 11. HP: 73/81 MP: 15/22
 11048 | D:8      | Found a white marble altar of Elyvilon.
 11183 | D:8      | Found Foorhix's Assorted Antiques.
 11186 | D:8      | Bought a scroll of identify for 40 gold pieces
 11186 | D:8      | Bought a scroll of identify for 40 gold pieces
 11188 | D:8      | Reached skill level 7 in Invocations
 11188 | D:8      | Reached XP level 12. HP: 91/91 MP: 22/24
 11189 | D:8      | Bought a blackened ivory ring for 100 gold pieces
 11189 | D:8      | Bought an amethyst potion for 18 gold pieces
 11189 | D:8      | Bought a twisted peridot amulet for 100 gold pieces
 11887 | D:9      | Noticed a two-headed ogre
 11906 | D:9      | Reached skill level 8 in Invocations
 11927 | D:9      | Noticed Harold
 11928 | D:9      | Reached ** piety under Sif Muna
 11936 | D:9      | Killed Harold
 12115 | D:9      | Found a sacrificial altar of Ru.
 12398 | D:9      | Found a large runed translucent door.
 12399 | D:9      | Found a large runed translucent door.
 12408 | D:9      | Found a large runed translucent door.
 12408 | D:9      | Found a large runed translucent door.
 12458 | D:9      | Killed a two-headed ogre
 12723 | D:5      | Killed Crazy Yiuf
 13106 | D:10     | Entered Level 10 of the Dungeon
 13107 | D:10     | Identified the amulet "Joj Lic" {Acrobat rC- Slay+3 SInv}
 13365 | D:10     | Found a broken altar of Ashenzari.
 13627 | D:10     | Found a glowing golden altar of the Shining One.
 13757 | D:10     | Reached *** piety under Sif Muna
 13917 | D:10     | Found a staircase to the Orcish Mines.
 13932 | D:10     | Noticed Grum
 13944 | D:10     | Killed Grum
 15922 | D:12     | Noticed a two-headed ogre
 16039 | Lair:1   | Entered Level 1 of the Lair of Beasts
 16535 | Lair:1   | Reached XP level 13. HP: 98/98 MP: 16/26
 17264 | Lair:1   | Reached skill level 9 in Invocations
 17648 | Lair:2   | Identified a scroll of acquirement
 17649 | Lair:2   | Acquired the staff of fire "Ilynej Mywi" {rPois rF+ rC+
                  | rCorr}
 17691 | Lair:2   | Learned a level 4 spell: Summon Lightning Spire
 17694 | Lair:2   | Learned a level 2 spell: Blink
 18961 | Lair:3   | Noticed Amaemon
 18977 | Lair:3   | Killed Amaemon
 18999 | Lair:3   | Reached **** piety under Sif Muna
 19238 | Lair:3   | Reached skill level 10 in Spellcasting
 19527 | Lair:3   | Found a staircase to the Shoals.
 19785 | Lair:3   | Found a hole to the Spider Nest.
 19897 | Lair:3   | Noticed Josephine
 19908 | Lair:3   | Killed Josephine
 20102 | Lair:3   | You fall into a shaft and drop 2 floors!
 20102 | Lair:5   | Entered Level 5 of the Lair of Beasts
 20477 | Lair:4   | Reached skill level 10 in Dodging
 21437 | Lair:4   | Reached ***** piety under Sif Muna
 21438 | Lair:4   | Reached skill level 10 in Stealth
 21612 | Lair:5   | Identified the +7 war axe "Bujymext" {freeze, Contam +Blink
                  | rElec Stlth+}
 21683 | Lair:5   | Received a gift from Sif Muna
 21684 | Lair:5   | Reached XP level 14. HP: 108/108 MP: 7/28
 21793 | Lair:5   | Found a staircase to the Slime Pits.
 21793 | Lair:5   | Found a viscous altar of Jiyva.
 21954 | Lair:5   | Reached skill level 10 in Invocations
 23730 | Lair:5   | Found a corrupted altar of Lugonu.
 23730 | Lair:5   | Found a one-way gate to the infinite horrors of the Abyss.
 24036 | D:12     | Found Patof's Weapon Boutique.
 24248 | D:12     | Noticed Sonja
 24252 | D:12     | Received a gift from Sif Muna
 24272 | D:12     | Killed Sonja
 24528 | D:12     | Reached skill level 10 in Fire Magic
 24682 | D:12     | Got the Precepts of the Damned and Incineration
 25301 | D:13     | Reached skill level 10 in Fighting
 25301 | D:13     | Reached skill level 10 in Short Blades
 25301 | D:13     | Reached skill level 10 in Long Blades
 25301 | D:13     | Reached skill level 10 in Axes
 25301 | D:13     | Reached skill level 10 in Maces & Flails
 25301 | D:13     | Reached skill level 10 in Polearms
 25301 | D:13     | Reached skill level 10 in Staves
 25301 | D:13     | Reached skill level 10 in Ranged Weapons
 25301 | D:13     | Reached skill level 10 in Throwing
 25301 | D:13     | Reached skill level 10 in Armour
 25301 | D:13     | Reached skill level 10 in Shields
 25301 | D:13     | Reached skill level 10 in Unarmed Combat
 25301 | D:13     | Reached skill level 10 in Evocations
 25778 | D:13     | Reached XP level 15. HP: 102/115 MP: 2/30
 26101 | D:13     | Reached skill level 11 in Invocations
 27565 | D:13     | Received a gift from Sif Muna
 27672 | D:13     | Got Sif Muna's Handbook of Cursed Moulding {god gift}
 27987 | Orc:1    | Entered Level 1 of the Orcish Mines
 27987 | Orc:1    | Found Syluemeu's Self-Improvement Boutique.
 28008 | Orc:1    | Noticed Nergalle
 28018 | Orc:1    | Killed Nergalle
 28473 | Orc:2    | Entered Level 2 of the Orcish Mines
 28473 | Orc:2    | Noticed an orc warlord
 28473 | Orc:2    | Found Kives's General Store.
 28487 | Orc:2    | Killed an orc warlord
 28518 | Orc:1    | Found a dark tunnel.
 28553 | Volcano  | Entered a volcano
 28952 | Orc:1    | Noticed Snorg
 28973 | Orc:1    | Killed Snorg
 29216 | Orc:2    | Found a burning altar of Makhleb.
 29629 | Orc:2    | Bought 2 potions of heal wounds for 130 gold pieces
 29746 | D:8      | Bought the +0 pair of fencer's gloves {Riposte Dex+3} for
                  | 800 gold pieces
 29746 | D:8      | Found the +0 pair of fencer's gloves {Riposte Dex+3}
 29933 | Orc:2    | Found Adyuposh's Antique Armour Shoppe.
 29981 | Orc:2    | Found Xebiacoc's Antique Weapon Emporium.
 30004 | Orc:2    | Paralysed by an orc sorcerer for 2 turns
 30009 | Orc:2    | Received a gift from Sif Muna
 30011 | Orc:2    | Got Hodacir's Thoughts on Prime Skeletons {god gift}
 30148 | Orc:2    | Learned a level 5 spell: Summon Mana Viper
 30178 | Orc:2    | Found a staircase to the Elven Halls.
 30257 | Orc:2    | Found Jaesatin's Book Boutique.
 30277 | Orc:2    | Learned a level 4 spell: Dispel Undead
 30282 | Orc:2    | Learned a level 4 spell: Airstrike
 30565 | Elf:1    | Entered Level 1 of the Elven Halls
 32566 | D:13     | Reached XP level 16. HP: 94/124 MP: 9/31
 32861 | D:14     | Found a bloodstained altar of Trog.
 33420 | D:14     | Paralysed by an ogre mage for 2 turns
 33424 | D:14     | Reached skill level 12 in Invocations
 33630 | D:14     | Found a gate to the Vaults.
 34162 | D:15     | Entered Level 15 of the Dungeon
 34179 | D:14     | Gained mutation: You are somewhat resistant to further
                  | mutation. [mutagenic glow]
 35549 | D:15     | Found a staircase to the Depths.
 35951 | Spider:1 | Entered Level 1 of the Spider Nest
 36411 | Spider:1 | Learned a level 5 spell: Borgnjor's Vile Clutch
 36531 | Spider:1 | Reached skill level 10 in Conjurations
 36744 | Spider:1 | Received a gift from Sif Muna
 36771 | Spider:1 | Got Sif Muna's Guidebook on the Graveyard and Lithomancy
                  | {god gift}
 37598 | Spider:1 | Reached XP level 17. HP: 133/133 MP: 4/33
 38299 | Spider:2 | Reached skill level 10 in Hexes
 38299 | Spider:2 | Reached skill level 10 in Summonings
 38299 | Spider:2 | Reached skill level 10 in Necromancy
 38299 | Spider:2 | Reached skill level 10 in Translocations
 38299 | Spider:2 | Reached skill level 10 in Transmutations
 38299 | Spider:2 | Reached skill level 10 in Ice Magic
 38299 | Spider:2 | Reached skill level 10 in Air Magic
 38299 | Spider:2 | Reached skill level 10 in Earth Magic
 38299 | Spider:2 | Reached skill level 10 in Poison Magic
 38517 | Spider:2 | Noticed Azrael
 38539 | Spider:2 | Killed Azrael
 39275 | Spider:2 | Noticed Mlioglotl
 39288 | Spider:2 | Killed Mlioglotl
 39289 | Spider:2 | Reached skill level 13 in Invocations
 42259 | Spider:3 | Received a gift from Sif Muna
 42260 | Spider:3 | Got Sif Muna's Almanac of the Singularity and the Legion
                  | {god gift}
 42281 | Spider:3 | Learned a level 5 spell: Summon Forest
 43052 | Spider:3 | Noticed Agnes
 43058 | Spider:3 | Killed Agnes
 43656 | Spider:4 | Entered Level 4 of the Spider Nest
 43867 | Spider:4 | Reached XP level 18. HP: 128/141 MP: 2/35
 44431 | Spider:4 | Noticed shadowrider38's ghost (adept HOAE)
 44435 | Spider:4 | Found a runed translucent door.
 45201 | Spider:4 | Received a gift from Sif Muna
 45307 | Spider:4 | Got Xetyag's Encyclopedia of Geometric Left-Handed Rituals
                  | {god gift}
 45318 | Spider:4 | Identified the +2 pair of boots of the Weaver {rC+ Will+
                  | Dex+2}
 45340 | Spider:4 | Identified the orb of Wasott {mayhem, +Inv Regen+ MP+9}
 45350 | Spider:4 | Got a gossamer rune of Zot
 45658 | D:4      | Killed SeerSkye's ghost
 46365 | Shoals:1 | Entered Level 1 of the Shoals
 47294 | Shoals:1 | Reached skill level 14 in Invocations
 47430 | Shoals:1 | Found Sirum's Weapon Boutique.
 48174 | Shoals:2 | Noticed Nikola
 48197 | Shoals:2 | Killed Nikola
 48258 | Shoals:2 | Found a frozen archway.
 48267 | IceCv    | Entered an ice cave
 48543 | IceCv    | Got the Compilation of the Serac
 49254 | IceCv    | Gained mutation: You sometimes lose your temper in combat.
                  | [mutagenic glow]
 49764 | IceCv    | HP: 7/143 [quicksilver ooze (17)]
 49764 | IceCv    | Annihilated by a quicksilver ooze

Illustrated notes

Levels and vault maps discovered:
D:1:      ebering_trefoil_3fold, layout_basic, chequers_big_river
D:2:      layout_rooms, serial_glass, glass_columns_c, glass_columns_a
D:3:      gammafunk_wand_slinger, layout_loops_ring, lemuel_crystal_altar,
          uniq_grinder
D:4:      layout_loops_cross, ebering_ghost_rock_garden, columned_hall_lemuel,
          uniq_natasha, uniq_menkaure
D:5:      layout_loops_ring, nicolae_dithmenos_through_a_glass_darkly,
          uniq_eustachio, uniq_crazy_yiuf_cottage
D:6:      layout_cave_pods, nicolae_qazlal_style_of_elements, serial_gnoll_camp,
          gnoll_camp_huts_basic, gnoll_camp_mini_loothouse,
          gnoll_camp_mini_basic, gnoll_camp_mini_shop, gnoll_camp_mini_hut,
          fountainhead, uniq_maggie
D:7:      layout_rooms, minmay_temple_entry_hall, enter_bailey_8
D:8:      layout_cave_pools, nicolae_overflow_crystal_walls, lemuel_tele_altar,
          lair_entry_dummy, serial_shops, nicolae_shop_behind_doors, hex_tiny
D:9:      layout_gridville, hangedman_ru_absence, kennysheep_nub,
          minmay_hollow_rounded_squares, uniq_harold
D:10:     layout_grid_maze, ashenzari_conservatory_becter, marbit_many_paths,
          orc_0_dummy, uniq_grum
D:11:     layout_basic
D:12:     layout_cave_pools, serial_shops, nicolae_shop_trees, drop_trap,
          uniq_sonja
D:13:     cheibrodos_tormentor_scu, layout_cave_pools,
          kennysheep_decorative_pillar
D:14:     layout_cave_pools, hangedman_vaults_entry_quadrant_bands,
          trog_three_pillars_becter, serial_undead, serial_undead_d,
          serial_undead_c, serial_undead_f, serial_undead_f, serial_undead_c,
          serial_undead_e, serial_undead_c
D:15:     gammafunk_enter_depths_forms, layout_loops_corners,
          minmay_misc_feat_four_crosses
Temple:   nicolae_temple_ecumenical_triangle
Lair:1:   layout_hall_layers, grunt_megastairs_3
Lair:2:   layout_roguey, cheibrodos_lair_caveside_slide, grunt_megastairs_2,
          infiniplex_staircase_pool
Lair:3:   layout_gridlike, elwin_shoals_entry_stream,
          spider_nest_entry_web_field, st_stairs_4, uniq_josephine, uniq_amaemon
Lair:4:   layout_big_grid
Lair:5:   hellmonk_lair_end_abyssal_woods, layout_cave_shapes,
          minmay_slime_entry_pillars
Shoals:1: layout_shoals, serial_shops, shop
Shoals:2: nicolae_shoals_island_circles, layout_shoals,
          portal_ice_cave_entry_ice_simulacra, uniq_nikola
Spider:1: layout_spider_delve, nicolae_spider_orb_run
Spider:2: nicolae_spider_hilbert_zone_1 [nicolae_spider_hilbert_4_sides_1_open,
          nicolae_spider_hilbert_4_sides_1_open,
          nicolae_spider_hilbert_4_sides_1_open,
          nicolae_spider_hilbert_4_sides_1_open,
          nicolae_spider_hilbert_3_sides_1_open,
          nicolae_spider_hilbert_3_sides_1_open,
          nicolae_spider_hilbert_3_sides_1_open,
          nicolae_spider_hilbert_3_sides_1_open,
          nicolae_spider_hilbert_3_sides_1_open,
          nicolae_spider_hilbert_6_sides_1_open,
          nicolae_spider_hilbert_6_sides_1_open,
          nicolae_spider_hilbert_3_sides_1_open,
          nicolae_spider_hilbert_3_sides_1_open,
          nicolae_spider_hilbert_3_sides_1_open,
          nicolae_spider_hilbert_3_sides_1_open,
          nicolae_spider_hilbert_2_sides_1_open], nicolae_spider_cling_halls,
          uniq_mlioglotl, uniq_azrael
Spider:3: layout_spider_delve, uniq_agnes
Spider:4: grunt_spider_rune_circles, hellmonk_ghost_happy_afterlife
Orc:1:    layout_diamond_mine, basic_altar, nicolae_volcano_entry_batcave,
          nicolae_shop_self_help, uniq_snorg, uniq_nergalle
Orc:2:    grunt_orc_gardens, layout_diamond_mine, grunt_orc_garden,
          grunt_orc_garden, grunt_orc_garden, grunt_orc_garden, basic_altar
Elf:1:    minmay_elf_arrival_summoners, layout_loops_cross,
          hangedman_elf_disciples, not_door_vault_due, uniq_frances
IceCv:    ice_cave_hellmonk_azure_passage

Skill      XL: |  1  2  3  4  5  6  7  8  9 10 11 12 13 14 15 16 17 18 |
---------------+-------------------------------------------------------+-----
Conjurations   | 2 3 4 5 6 7 8 9 10 11 | 11.3
Spellcasting   | 5 6 7 8 9 10 11 12 13 | 13.9
Invocations    | 1 2 3 4 5 6 7 8 9 10 11 12 13 14 | 14.2
Fighting       | 1 2 3 5 6 7 8 9 10 11 12 13 | 13.1
Short Blades   | 1 2 3 5 6 7 8 9 10 11 12 13 | 13.1
Long Blades    | 1 2 3 5 6 7 8 9 10 11 12 13 | 13.1
Axes           | 1 2 3 5 6 7 8 9 10 11 12 13 | 13.1
Maces & Flails | 1 2 3 5 6 7 8 9 10 11 12 13 | 13.1
Polearms       | 1 2 3 5 6 7 8 9 10 11 12 13 | 13.1
Staves         | 1 2 3 5 6 7 8 9 10 11 12 13 | 13.1
Ranged Weapons | 1 2 3 5 6 7 8 9 10 11 12 13 | 13.1
Throwing       | 1 2 3 5 6 7 8 9 10 11 12 13 | 13.1
Armour         | 1 2 3 5 6 7 8 9 10 11 12 13 | 13.1
Shields        | 1 2 3 5 6 7 8 9 10 11 12 13 | 13.1
Unarmed Combat | 1 2 3 5 6 7 8 9 10 11 12 13 | 13.1
Evocations     | 1 2 3 5 6 7 8 9 10 11 12 13 | 13.1
Dodging        | 5 6 7 8 9 10 11 12 13 | 13.8
Hexes          | 1 2 3 4 5 6 7 8 9 10 11 | 11.1
Summonings     | 1 2 3 4 5 6 7 8 9 10 11 | 11.1
Necromancy     | 1 2 3 4 5 6 7 8 9 10 11 | 11.1
Translocations | 1 2 3 4 5 6 7 8 9 10 11 | 11.1
Transmutations | 1 2 3 4 5 6 7 8 9 10 11 | 11.1
Ice Magic      | 1 2 3 4 5 6 7 8 9 10 11 | 11.1
Air Magic      | 1 2 3 4 5 6 7 8 9 10 11 | 11.1
Earth Magic    | 1 2 3 4 5 6 7 8 9 10 11 | 11.1
Poison Magic   | 1 2 3 4 5 6 7 8 9 10 11 | 11.1
Stealth        | 5 6 7 8 9 10 11 12 13 | 13.7
Fire Magic     | 6 7 8 9 10 11 12 | 12.3

Action                     |  1- 3 |  4- 6 |  7- 9 | 10-12 | 13-15 | 16-18 || total
---------------------------+-------+-------+-------+-------+-------+-------++-------
  Melee: Whip              |     8 |    17 |     3 |       |       |       ||    28
         Bite              |       |     2 |    12 |    26 |    56 |   133 ||   229
         Punch             |       |     1 |     1 |       |       |       ||     2
         Short sword       |       |       |    67 |   101 |     1 |       ||   169
         Scimitar          |       |       |       |    53 |    25 |    83 ||   161
         Staff             |       |       |       |       |    85 |     3 ||    88
         War axe           |       |       |       |       |   167 |   295 ||   462
  Throw: Throwing net      |       |       |     1 |       |       |     4 ||     5
   Cast: Foxfire           |    60 |    37 |   181 |   214 |   343 |   407 ||  1242
         Scorch            |     7 |    34 |    97 |   211 |   353 |   438 ||  1140
         Inner Flame       |       |       |       |    17 |       |       ||    17
         Flame Wave        |       |       |       |     3 |    36 |    23 ||    62
         Summon Lightning  |       |       |       |       |    85 |   100 ||   185
         Blink             |       |       |       |       |     2 |     5 ||     7
         Dispel Undead     |       |       |       |       |     7 |    10 ||    17
         Ignition          |       |       |       |       |     1 |     2 ||     3
         Summon Mana Viper |       |       |       |       |       |    45 ||    45
         Airstrike         |       |       |       |       |       |     2 ||     2
         Summon Forest     |       |       |       |       |       |    16 ||    16
         Borgnjor's Vile C |       |       |       |       |       |     1 ||     1
         Polar Vortex      |       |       |       |       |       |     1 ||     1
 Invoke: Divine Exegesis   |       |       |       |       |     1 |     3 ||     4
  Evoke: Wand              |       |       |     1 |     1 |    10 |    30 ||    42
    Use: Scroll            |     3 |     5 |    10 |    26 |    13 |     7 ||    64
         Potion            |       |       |     1 |     7 |     3 |    16 ||    27
   Stab: Sleeping          |     1 |       |     3 |     1 |     3 |     1 ||     9
         Distracted        |       |       |       |       |     4 |    11 ||    15
 Armour: Robe              |     6 |     6 |    17 |     8 |       |       ||    37
         Leather armour    |       |       |       |    58 |     4 |       ||    62
         Troll leather arm |       |       |       |     6 |   182 |       ||   188
         Skin              |       |       |       |       |     5 |       ||     5
         Ring mail         |       |       |       |       |   105 |   481 ||   586
  Dodge: Dodged            |     9 |    33 |    82 |   245 |   577 |   596 ||  1542
  Block: Buckler           |       |       |     9 |    92 |   235 |       ||   336
         Kite shield       |       |       |       |       |    25 |   490 ||   515
Riposte: War axe           |       |       |       |       |    35 |   208 ||   243
         Staff             |       |       |       |       |    12 |     5 ||    17
         Scimitar          |       |       |       |       |       |    37 ||    37
